 Dungeon Crawl Stone Soup version 0.30-a0-651-g0755cc6dcf (webtiles) character file.

Game seed: 13760172745785503155

706 bratinateska the Shield-Bearer (level 7, -10/63 HPs)
             Began as a Minotaur Fighter on Jan 18, 2023.
             Killed by divine providence
             ... invoked by an orc priest
              (12 damage)
             ... on level 4 of the Dungeon.
             The game lasted 00:05:09 (2272 turns).

bratinateska the Shield-Bearer (Minotaur Fighter)   Turns: 2272, Time: 00:05:09

Health: -10/63     AC: 10    Str: 23    XL:     7   Next: 39%
Magic:  6/6        EV:  6    Int: 11    God:
Gold:   218        SH:  9    Dex:  9    Spells: 6/6 levels left

rFire   + . .      SeeInvis .    a - +0 war axe
rCold   + . .      Faith    .    n - +0 kite shield
rNeg    + . .      Spirit   .    k - +0 chain mail
rPois   +          Reflect  .    (helmet restricted)
rElec   +          Harm     .    (no cloak)
rCorr   +          Rampage  .    (no gloves)
Will    .....                    (no boots) Stlth
                                 (no amulet)
HPRegen 0.30/turn                q - ring of positive energy
MPRegen 0.10/turn                r - +6 ring of intelligence

@: resistant
A: horns 2, retaliatory headbutt
a: no special abilities


You were on level 4 of the Dungeon.
You visited 1 branch of the dungeon, and saw 4 of its levels.

You collected 218 gold pieces.

Inventory:

Hand Weapons
 a - a +0 war axe (weapon)
Armour
 b - a +0 scale mail
 c - a +0 buckler
 k - a +0 chain mail (worn)
 n - a +0 kite shield (worn)
Jewellery
 q - a ring of positive energy (left hand)
 r - a +6 ring of intelligence (right hand)
Wands
 m - a wand of mindburst (7)
Scrolls
 d - 2 scrolls of teleportation {unknown}
 e - 2 scrolls of poison {unknown}
 f - a scroll of enchant armour {unknown}
 g - 2 scrolls of noise
 i - a scroll of brand weapon {unknown}
 j - a scroll of fear {unknown}
 o - a scroll of torment {unknown}
 s - 2 scrolls of identify
Potions
 h - 3 potions of curing
 l - 2 potions of brilliance
 p - a potion of lignification {unknown}


   Skills:
 * Level 6.1 Fighting
 * Level 5.3 Axes
 * Level 6.0 Armour
 * Level 6.1 Shields


You had 6 spell levels left.
You didn't know any spells.
Your spell library contained the following spells:

 Spells                   Type           Power      Damage    Failure   Level
 Cigotuvi's Dreadful Rot  Necr/Pois/Air  0%         N/A       100%        2
 Poisonous Vapours        Pois/Air       0%         N/A       100%        2
 Mephitic Cloud           Conj/Pois/Air  0%         N/A       100%        3
 Ozocubu's Armour         Ice            0%         N/A       100%        3
 Ozocubu's Refrigeration  Ice            0%         4d7       100%        7


Dungeon Overview and Level Annotations

Branches:
Dungeon (4/15)
 Temple: D:4-7

Altars:

Annotations:
D:3 2 transporters, TimeIsEndless's ghost, weakling OgWr


Innate Abilities, Weirdness & Mutations

You have a pair of horns on your head.
You reflexively headbutt those who attack you in melee.


Message History

A magic dart appears from out of thin air!
The magic dart hits you.
You barely miss something. Your headbutt misses something.
You hear some strange, mumbled words.
A magic dart appears from out of thin air!
The magic dart hits you!
* * * LOW HITPOINT WARNING * * *
The orc priest looks encouraged for a moment.
You hit something.
You hear some strange, mumbled words.
Something tries to affect you, but you resist.
The orc priest mumbles some strange prayers to Beogh against you.
Beogh smites you!
* * * LOW HITPOINT WARNING * * *
You miss something. Your headbutt misses something.
Something hits you but does no damage.
The orc priest calls down the wrath of Beogh upon you.
Beogh smites you!
* * * LOW HITPOINT WARNING * * *
You hear some strange, mumbled words.
A magic dart appears from out of thin air!
The magic dart hits you but does no damage.
You hit something. Your headbutt misses something. Something hits you.
* * * LOW HITPOINT WARNING * * *
You miss something. Something hits you.
* * * LOW HITPOINT WARNING * * *
Something hits you but does no damage.
You barely miss something. Your headbutt misses something.
You hear some strange, mumbled words.
A puff of flame appears from out of thin air!
The puff of flame misses you.
It was a potion of resistance.
You feel protected. You block something's attack.
You hit something. Something hits you but does no damage. Something hits you.
* * * LOW HITPOINT WARNING * * *
You closely miss something. Something hits you but does no damage.
The orc priest mumbles some strange prayers to Beogh against you.
Beogh smites you!
You die...

#........########
#..<.....# #
######........# #
#....#........# #
#....#..).)...# #
#....+........########
#....#.......)........
#....#########........
#....@{o.....#........
......#
##...##o.....#........
......# ##...#
.....#........ ......#
#....# ....#........
......#
#....#########....<...
......#
#.......)....#........
......#
#............#........
......#
#######......#........
......#
#......#........


You could see an orc priest and an orc.

Vanquished Creatures
  Grinder (D:4)
  Sigmund (D:2)
  A jelly (D:4)
  2 orc priests
  2 hounds (D:4)
  An iguana (D:4)
  2 orc wizards (D:4)
  3 gnolls (D:4)
  3 adders
  An ufetubus (D:4)
  8 orcs
  5 bats
  13 endoplasms
  4 giant cockroaches
  4 goblins
  8 hobgoblins
  2 jackals (D:2)
  6 kobolds
  3 quokkas
  6 ball pythons
  4 rats
80 creatures vanquished.

Notes
Turn   | Place    | Note
-------+----------+-------------------------------------------
     0 | D:1      | bratinateska the Minotaur Fighter began the quest for the
                  | Orb.
     0 | D:1      | Reached XP level 1. HP: 19/19 MP: 0/0
    58 | D:1      | Reached XP level 2. HP: 27/27 MP: 1/1
   192 | D:1      | Reached XP level 3. HP: 30/33 MP: 2/2
   839 | D:2      | Noticed Sigmund
   857 | D:2      | Killed Sigmund
   858 | D:2      | Reached skill level 5 in Fighting
   858 | D:2      | Reached XP level 4. HP: 9/42 MP: 3/3
   858 | D:2      | Reached XP level 5. HP: 11/48 MP: 4/4
  1090 | D:3      | Reached skill level 5 in Shields
  1093 | D:3      | Reached skill level 5 in Armour
  1310 | D:3      | Reached XP level 6. HP: 54/56 MP: 5/5
  1373 | D:3      | Found a transporter.
  1414 | D:3      | Found a transporter.
  1419 | D:3      | Noticed TimeIsEndless's ghost (weakling OgWr)
  1601 | D:4      | Noticed Grinder
  1611 | D:4      | Paralysed by Grinder for 2 turns
  1614 | D:4      | Killed Grinder
  1615 | D:4      | Reached XP level 7. HP: 18/62 MP: 6/6
  1749 | D:4      | Reached skill level 5 in Axes
  2268 | D:4      | HP: 1/63 [something (3)]
  2272 | D:4      | Killed from afar by an orc priest

Illustrated notes

Levels and vault maps discovered:
D:1:      amcnicky_arrival_double_pillar, layout_rooms
D:2:      layout_rooms, uniq_sigmund
D:3:      layout_basic, gammafunk_ghost_stat_death, grunt_ministairs_3
D:4:      layout_gridville, uniq_grinder

Skill      XL: |  1  2  3  4  5  6  7 |
---------------+----------------------+-----
Fighting       | 4 5 6 |  6.1
Armour         | 4 5 6 |  6.0
Shields        | 4 5 6 |  6.1
Axes           | 3 4 5 |  5.3

Action                   |  1- 3 |  4- 6 |  7- 9 || total
-------------------------+-------+-------+-------++-------
Melee: War axe           |    78 |    48 |    49 ||   175
       Headbutt          |    12 |    11 |     4 ||    27
  Use: Potion            |     1 |       |     1 ||     2
       Scroll            |       |     3 |       ||     3
Armor: Scale mail        |    43 |       |       ||    43
       Chain mail        |       |    28 |    28 ||    56
Dodge: Dodged            |    46 |    15 |    15 ||    76
Block: Buckler           |    16 |     5 |       ||    21
       Kite shield       |       |    23 |    26 ||    49

Table legend: (Time is in decaauts)
 A = Elapsed time spent in this place.
 B = Non-inter-level travel time spent in this place.
 C = Inter-level travel time spent in this place.
 D = Time resting spent in this place.
 E = Time spent auto-exploring this place.
 F = Levels seen in this place.
 G = Mean time per level.
                   A        B        C        D        E       F      G
               +--------+--------+--------+--------+--------+-----+--------+
         Total |   2342 |   2313 |     29 |    412 |   1316 |   4 |  585.5 |
       Dungeon |   2342 |   2313 |     29 |    412 |   1316 |   4 |  585.5 |
               +--------+--------+--------+--------+--------+-----+--------+

Top non-repeatable levels by time:
     D:4: 629 daAuts
     D:3: 626 daAuts
     D:2: 602 daAuts
     D:1: 483 daAuts
